 Dungeon Crawl Stone Soup version 0.21-a0-143-g1ab7d47 (webtiles) character file.

172 AverageBear the Cutter (level 5, 2/31 HPs)
             Began as a Deep Elf Fighter on July 26, 2017.
             Quit the game on level 3 of the Dungeon.
             The game lasted 00:02:05 (1690 turns).

AverageBear the Cutter (Deep Elf Fighter)           Turns: 1690, Time: 00:02:06

Health: 2/31       AC:  6    Str: 19    XL:     5   Next: 27%
Magic:  7/7        EV:  7    Int: 13    God:
Gold:   108        SH:  9    Dex: 14    Spells: 4/4 levels left

rFire    . . .     SeeInvis .   a - +0 rapier
rCold    . . .     Gourm    .   c - +0 shield
rNeg     . . .     Faith    .   b - +0 scale mail
rPois    .         Spirit   .   (no helmet)
rElec    .         Reflect  .   (no cloak)
rCorr    .         Harm     .   (no gloves)
MR       .....                  (no boots)
Stlth    ..........             (no amulet)
HPRegen  0.10/turn              n - ring of wizardry
MPRegen  0.10/turn              (no ring)

@: mighty, lethally poisoned (2 -> -3), flying, hasted, very quick
A: no striking features
a: no special abilities


You were on level 3 of the Dungeon.
You were not hungry.

You visited 1 branch of the dungeon, and saw 3 of its levels.

You collected 108 gold pieces.

Inventory:

Hand Weapons
 a - a +0 rapier (weapon)
Armour
 b - a +0 scale mail (worn)
 c - a +0 shield (worn)
Jewellery
 n - a ring of wizardry (left hand)
Wands
 q - a wand of polymorph (8/24)
Scrolls
 g - 3 scrolls of teleportation {unknown}
 i - a scroll of remove curse {unknown}
 k - 2 scrolls of immolation {unknown}
 l - 3 scrolls of identify {unknown}
 p - a scroll of enchant weapon {unknown}
Potions
 e - a potion of brilliance
Comestibles
 f - 2 bread rations
 h - 9 chunks of flesh
 r - a royal jelly


   Skills:
 - Level 2.4 Fighting
 + Level 5.5 Short Blades
 - Level 2.4 Armour
 - Level 2.4 Shields


You had 4 spell levels left.
You didn't know any spells.

Dungeon Overview and Level Annotations

Branches:
Dungeon (3/15)

Altars:
Cheibriados
Gozag
Xom


Message History

* * * LOW HITPOINT WARNING * * *
You feel sick.
You hit the adder.
The adder is moderately wounded.
You block the adder's attack.
You puncture the adder!
You kill the adder!
* * * LOW HITPOINT WARNING * * *
You feel sick.
Things that are here:
a dagger of venom; an adder corpse
* * * LOW HITPOINT WARNING * * *
You feel sick.
Things that are here:
a dagger; a robe; an orc corpse
* * * LOW HITPOINT WARNING * * *
You feel sick.
Unknown command.
Unknown command.
Are you sure you want to abandon this character and quit the game? (Confirm with "yes".)

...............###.....#
.###.#................[#
..#....................#
.....#.................###.
.....#...#....#............
.<.........................
##.........................
##.........#.#...........
.....#.####.....@.##...##
####.### #####......### #.#
##......######## ...
#.............. ..#
#..##.#####.##. #..##.).# #
#..####)###.##... #..#
#.).......# ....
######....#


There were no monsters in sight!

Vanquished Creatures
  2 orc wizards (D:3)
  Ijyb (D:3)
  A gnoll (D:1)
  An adder (D:3)
  An ooze (D:3)
  2 dart slugs (D:2)
  A leopard gecko (D:1)
  7 orcs (D:3)
  2 giant cockroaches (D:2)
  4 goblins
  5 hobgoblins
  A quokka (D:2)
  A ball python (D:2)
  10 bats
  6 frilled lizards
  7 kobolds
  11 rats
63 creatures vanquished.

Notes
Turn   | Place    | Note
-------+----------+-------------------------------------------
     0 | D:1      | AverageBear the Deep Elf Fighter began the quest for the Orb.
     0 | D:1      | Reached XP level 1. HP: 13/13 MP: 3/3
   285 | D:1      | Reached XP level 2. HP: 18/18 MP: 4/4
   330 | D:1      | Reached skill level 3 in Short Blades
   863 | D:1      | Reached XP level 3. HP: 3/22 MP: 5/5
  1171 | D:2      | Found a snail-covered altar of Cheibriados.
  1298 | D:2      | Reached skill level 4 in Short Blades
  1381 | D:2      | Found a shimmering altar of Xom.
  1437 | D:2      | Found an opulent altar of Gozag.
  1562 | D:3      | Noticed Ijyb
  1571 | D:3      | Killed Ijyb
  1571 | D:3      | Reached XP level 4. HP: 26/27 MP: 6/6
  1583 | D:3      | Reached skill level 5 in Short Blades
  1673 | D:3      | Reached XP level 5. HP: 2/31 MP: 7/7
  1690 | D:3      | Quit the game

Vault maps used:
D:1:      erik_arrival_cave_to_civilisation, minivault_25
D:2:      cheibriados_altar_1, lemuel_doored_altar, xom_teletrap_fun
D:3:      lemuel_upstairs_altar, led_sif_pool, first_bread,
          minmay_goblin_kobold_house, uniq_terence, uniq_ijyb

Skill      XL: |  1  2  3  4 |
---------------+-------------+-----
Short Blades   | 3 4 5 |  5.5
Fighting       | |  2.4
Armour         | |  2.4
Shields        | |  2.4

Action                   |  1- 3 |  4- 6 || total
-------------------------+-------+-------++-------
Melee: Rapier            |   155 |    14 ||   169
       Unarmed           |     3 |    13 ||    16
  Use: Potion            |     2 |     7 ||     9
  Eat: Chunk             |     2 |     1 ||     3
Armor: Scale mail        |    72 |     6 ||    78
       Skin              |       |     3 ||     3
Dodge: Dodged            |    42 |    17 ||    59
Block: Shield            |    65 |     4 ||    69
